 Dungeon Crawl Stone Soup version 0.29-a0-542-g075992c915 (webtiles) character file.

Game seed: 13044607381512760595

2914 vineage the Fighter (level 9, -2/68 HPs)
             Began as a Gargoyle Fighter on June 3, 2022.
             Was a Follower of Okawaru.
             Killed by divine providence
             ... invoked by an orc priest
              (12 damage)
             ... on level 7 of the Dungeon.
             The game lasted 00:07:40 (8547 turns).

vineage the Fighter (Gargoyle Fighter)              Turns: 8547, Time: 00:07:41

Health: -2/68      AC: 19    Str: 21    XL:     9   Next: 78%
Magic:  1/3        EV: 10    Int: 10    God:    Okawaru [*.....]
Gold:   90         SH:  4    Dex: 11    Spells: 8/8 levels left

rFire   + . .      SeeInvis +   A - +8 dagger "Vyeruc" {antimagic, SInv}
rCold   . . .      Faith    .   c - +0 buckler
rNeg    + . .      Spirit   .   H - +3 ring mail
rPois   ∞          Reflect  .   i - +0 helmet
rElec   +          Harm     .   s - +0 cloak
rCorr   .          Rampage  .   E - +1 pair of gloves {infuse}
Will    .....                   (no boots)
Stlth   +.........              (no amulet)
HPRegen 0.21/turn               y - ring of protection from fire
MPRegen 0.08/turn               h - ring of flight

@: flying
A: sickness immunity, AC +6, negative energy resistance 1, electricity
resistance, torment resistance 1, petrification resistance
a: Renounce Religion, Heroism


You were on level 7 of the Dungeon.
You worshipped Okawaru.
Okawaru was aware of your devotion.
You visited 2 branches of the dungeon, and saw 8 of its levels.

You collected 498 gold pieces.
You spent 408 gold pieces at shops.

Inventory:

Hand Weapons
 a - a +0 flail
 e - a +3 mace of draining
 A - the +8 dagger "Vyeruc" (weapon) {antimagic, SInv}
   (You bought it in a shop on level 5 of the Dungeon)

   It reduces the magical energy of the wielder, and disrupts the spells and
   magical abilities of those it strikes.
   Natural abilities and divine invocations are not affected.
   SInv:      It lets you see invisible.
Armour
 c - a +0 buckler (worn)
 i - a +0 helmet (worn)
 s - a +0 cloak (worn)
 E - a +1 pair of gloves of infusion (worn)
 H - a +3 ring mail (worn)
Jewellery
 h - a ring of flight (right hand)
 y - a ring of protection from fire (left hand)
 z - a ring of magical power
 D - a ring of ice
Wands
 u - a wand of charming (13)
 v - a wand of flame (19)
 G - a wand of iceblast (8)
Scrolls
 o - 3 scrolls of magic mapping
 t - 6 scrolls of amnesia
 w - 2 scrolls of fog
 x - 2 scrolls of enchant weapon
 B - 2 scrolls of teleportation
 F - a scroll of enchant armour {unknown}
Potions
 d - a potion of might
 f - 5 potions of curing
 g - 5 potions of heal wounds
 j - 2 potions of degeneration
 k - 4 potions of haste
 l - a potion of resistance {unknown}
 m - a potion of flight {unknown}
 n - 4 potions of magic {unknown}
 p - 2 potions of ambrosia {unknown}
 q - 4 potions of cancellation


   Skills:
 * Level 13.1 Fighting
 - Level 6.4 Maces & Flails
 - Level 3.2 Armour
 - Level 3.2 Shields


You had 8 spell levels left.
You didn't know any spells.
Your spell library contained the following spells:

 Spells                   Type           Power      Damage    Failure   Level
 Beastly Appendage        Tmut           0%         N/A       63%         1
 Freeze                   Ice            0%         1d3       63%         1
 Slow                     Hex            0%         N/A       63%         1
 Sting                    Tmut/Pois      0%         1d3       63%         1
 Static Discharge         Conj/Air       0%         N/A       77%         2
 Wereblood                Tmut           0%         N/A       77%         2
 Confusing Touch          Hex            0%         N/A       94%         3
 Frozen Ramparts          Ice            0%         1d2       94%         3
 Spider Form              Tmut/Pois      0%         N/A       94%         3
 Vampiric Draining        Necr           0%         2d6       94%         3
 Corpse Rot               Necr/Pois/Air  0%         N/A       100%        4
 Dispel Undead            Necr           0%         3d6       100%        4
 Hailstorm                Conj/Ice       0%         3d3       100%        4
 Borgnjor's Vile Clutch   Necr/Erth      0%         N/A       100%        5
 Lightning Bolt           Conj/Air       0%         1d11      100%        5
 Maxwell's Capacitive Co  Air            0%         ∞         100%        8
 Animate Dead             Necr           Unusable   N/A       N/A         4
 Death Channel            Necr           Unusable   N/A       N/A         6

Dungeon Overview and Level Annotations

Branches:
Dungeon (7/15)             Temple (1/1) D:5

Altars:
Ashenzari
Dithmenos
Elyvilon
Fedhas
Hepliaklqana
Kikubaaqudgha
Makhleb
Nemelex Xobeh
Okawaru
Qazlal
Ru
Sif Muna
Vehumet
Wu Jian
Xom
Yredelemnul
Zin
The Shining One

Shops:
D:5 (   D:7 =[


Innate Abilities, Weirdness & Mutations

You are immune to sickness and miasma.
Your stone body is resilient. (AC +6)
You are immune to poison.
You resist negative energy. (rN+)
You are resistant to electric shocks. (rElec)
You are resistant to unholy torment.
You are immune to petrification.


Message History

The orc priest hits you but does no damage.
The orc warrior hits you with a +0 dire flail!
The orc priest hits you but does no damage.
You are too injured to fight recklessly!
You are too injured to fight recklessly!
You are too injured to fight recklessly!
You are too injured to fight recklessly!
You are too injured to fight recklessly!
You are too injured to fight recklessly!
You are too injured to fight recklessly!
You are too injured to fight recklessly!
You are too injured to fight recklessly!
You are too injured to fight recklessly!
You are too injured to fight recklessly!
You are too injured to fight recklessly!
You are too injured to fight recklessly!
You are too injured to fight recklessly!
You are too injured to fight recklessly!
The orc priest attacks as you move away!
The orc priest hits you but does no damage.
The orc priest begins to cast a cantrip, but forgets the words!
The orc warrior barely misses you.
The orc priest mumbles some strange prayers to Beogh against you.
Beogh smites you!
* * * LOW HITPOINT WARNING * * *
The orc priest looks braver for a moment.
The orc warrior attacks as you move away!
The orc warrior barely misses you.
The orc priest looks braver for a moment.
The orc warrior attacks as you move away!
The orc warrior closely misses you.
The orc warrior attacks as you move away!
The orc warrior hits you with a +0 dire flail!
* * * LOW HITPOINT WARNING * * *
There is an open door here.
The orc warrior attacks as you move away!
You block the orc warrior's attack.
The orc priest mumbles some strange prayers to Beogh against you.
Beogh smites you!
You die...

.........+ #......#......
.........######......#.###.#
#######'###...#.....##.###.#
####.....#...#.....#......#
#..#.....#...+.....#.......
#..#...).###...............
#..+.....#.................
#........#<................
###'##...#@................
##...##..#o#...............
#.≈.≈.#....................
#≈≈.≈≈#...o................
#≈≈_≈≈#...........(........ #
#≈#∩#≈#..o................. ...
#######o.###...............
.....#####...#.................
.............#.................


You could see an orc warrior, 2 orc priests and an orc.

Vanquished Creatures
  Grinder (D:5)
  Sigmund (D:3)
  A wyvern (D:5)
  A water moccasin (D:7)
  An orc warrior (D:6)
  2 ice beasts
  2 black bears
  4 ogres
  2 centaurs (D:7)
  2 phantoms (D:6)
  A kobold brigand (D:7)
  A bullfrog (D:4)
  2 necrophages
  2 scorpions (D:6)
  A howler monkey (D:6)
  A crimson imp (D:7)
  3 hounds
  4 orc priests
  A gnoll shaman (D:7)
  3 orc wizards
  Terence (D:3)
  Jessica (D:3)
  An iguana (D:5)
  Natasha (thrice) (D:2)
  5 gnolls
  9 adders
  A shadow imp (D:6)
  2 white imps
  A worm (D:2)
  3 dart slugs
  15 orcs
  10 endoplasms
  4 giant cockroaches
  12 goblins
  7 hobgoblins
  5 jackals
  7 quokkas
  15 ball pythons
  3 bats
  5 frilled lizards
  18 kobolds
  10 rats
174 creatures vanquished.

Vanquished Creatures (others)
  An orc wizard (D:7)
  2 fungi (D:5)
  3 plants (D:5)
6 creatures vanquished.

Grand Total: 180 creatures vanquished

Notes
Turn   | Place    | Note
-------+----------+-------------------------------------------
     0 | D:1      | vineage the Gargoyle Fighter began the quest for the Orb.
     0 | D:1      | Reached XP level 1. HP: 14/14 MP: 1/1
   182 | D:1      | Reached XP level 2. HP: 16/20 MP: 2/2
   561 | D:1      | Reached skill level 4 in Fighting
   756 | D:1      | Reached XP level 3. HP: 24/24 MP: 3/3
   869 | D:1      | Found a faded altar of an unknown god.
  1230 | D:2      | Noticed Natasha
  1236 | D:2      | Killed Natasha
  1237 | D:2      | Reached XP level 4. HP: 27/30 MP: 4/4
  1419 | D:2      | Noticed Natasha
  1422 | D:2      | Reached skill level 5 in Fighting
  1436 | D:2      | Killed Natasha
  1805 | D:2      | Reached XP level 5. HP: 30/35 MP: 5/5
  1893 | D:2      | Noticed Natasha
  1899 | D:2      | Killed Natasha
  2006 | D:3      | Noticed Terence
  2015 | D:3      | Killed Terence
  2221 | D:3      | Reached skill level 6 in Fighting
  2513 | D:3      | Reached XP level 6. HP: 40/42 MP: 6/6
  2532 | D:3      | Noticed Sigmund
  2549 | D:3      | Killed Sigmund
  2550 | D:3      | Reached skill level 7 in Fighting
  2689 | D:3      | Found a shimmering altar of Xom.
  2712 | D:3      | Reached XP level 7. HP: 47/48 MP: 7/7
  2737 | D:3      | Noticed Jessica
  2740 | D:3      | Killed Jessica
  3255 | D:4      | Identified the +8 spear of the Shrinking Owl {drain, Str+3}
  3454 | D:4      | Reached skill level 8 in Fighting
  3454 | D:4      | Reached skill level 5 in Maces & Flails
  3564 | D:4      | Found a glowing golden altar of the Shining One.
  4134 | D:4      | Found an ancient bone altar of Kikubaaqudgha.
  4142 | D:4      | Reached XP level 8. HP: 32/55 MP: 8/8
  4322 | D:4      | Found a sparkling altar of Nemelex Xobeh.
  4343 | D:5      | Entered Level 5 of the Dungeon
  4509 | D:5      | Noticed a wyvern
  4519 | D:5      | Killed a wyvern
  4520 | D:5      | Reached skill level 9 in Fighting
  4734 | D:5      | Noticed Grinder
  4771 | D:5      | Paralysed by Grinder for 5 turns
  4782 | D:5      | Paralysed by Grinder for 4 turns
  4791 | D:5      | Killed Grinder
  5063 | D:5      | Found a staircase to the Ecumenical Temple.
  5140 | D:5      | Found a broken altar of Ashenzari.
  5159 | D:5      | Reached skill level 10 in Fighting
  5253 | D:5      | Found a stormy altar of Qazlal.
  5256 | D:5      | Found a blossoming altar of Fedhas.
  5404 | D:5      | Found Adegof's Antique Weapon Shop.
  5408 | D:5      | Bought a fine dagger for 161 gold pieces
  5408 | D:5      | Identified the +8 dagger "Vyeruc" {antimagic, SInv} (You
                  | bought it in a shop on level 5 of the Dungeon)
  5884 | Temple   | Entered the Ecumenical Temple
  6075 | Temple   | Became a worshipper of Warmaster Okawaru
  6346 | D:6      | Reached XP level 9. HP: 37/63 MP: 3/9
  6498 | D:6      | Reached skill level 11 in Fighting
  6906 | D:6      | Reached * piety under Okawaru
  7151 | D:6      | Reached skill level 12 in Fighting
  7346 | D:7      | Found Cenn's Antique Armour Emporium.
  7349 | D:7      | Bought a pair of runed gloves for 247 gold pieces
  7527 | D:7      | Found a shimmering blue altar of Sif Muna.
  7575 | D:7      | Got Sif Muna's Grimoire of Venom
  7897 | D:7      | Found Kaobryaf's Jewellery Boutique.
  8186 | D:7      | Found a burning altar of Makhleb.
  8242 | D:7      | Reached skill level 13 in Fighting
  8547 | D:7      | Killed from afar by an orc priest

Illustrated notes

Levels and vault maps discovered:
D:1:      sevenhm_arrival_forest_fort_large_2, layout_rooms,
          shapermc_ecumenical_altar_mp_vishouse
D:2:      cheibrodos_greedy_goblins, layout_basic, uniq_natasha
D:3:      layout_loops_ring, lemuel_crystal_altar, minmay_quadrilaterals,
          uniq_terence, uniq_jessica, uniq_sigmund
D:4:      layout_loops_ring, old_standard_altar, minitemple
D:5:      layout_layer_cave, grunt_temple_overflow_forces_of_nature,
          overflow_temple_1_default, temple_pool_b, serial_shops,
          kennysheep_mini, uniq_grinder
D:6:      layout_basic
D:7:      layout_gridville, nicolae_uskayaw_suspiria, cheibriados_altar_1,
          led_sif_book, makhleb_grotto_becter, serial_shops, shop,
          nicolae_square_shop, nicolae_shop_behind_doors,
          hangedman_abyss_or_decor_passed, wad_floor_pattern_1
Temple:   compressed_dpeg_triangle_lava_temple

Skill      XL: |  1  2  3  4  5  6  7  8  9 |
---------------+----------------------------+-----
Fighting       | 4 5 6 7 8 10 13 | 13.1
Maces & Flails | 3 4 5 6 |  6.4
Armour         | |  3.2
Shields        | |  3.2

Action                   |  1- 3 |  4- 6 |  7- 9 || total
-------------------------+-------+-------+-------++-------
Melee: Mace              |    73 |   123 |   139 ||   335
       Flail             |     3 |       |       ||     3
       Dagger            |       |       |   205 ||   205
  Use: Scroll            |     2 |     5 |     4 ||    11
       Potion            |       |     1 |     1 ||     2
Armor: Scale mail        |    30 |    82 |   199 ||   311
       Ring mail         |       |       |    13 ||    13
Dodge: Dodged            |    37 |    52 |   182 ||   271
Block: Buckler           |    16 |    29 |    76 ||   121

Table legend: (Time is in decaauts)
 A = Elapsed time spent in this place.
 B = Non-inter-level travel time spent in this place.
 C = Inter-level travel time spent in this place.
 D = Time resting spent in this place.
 E = Time spent auto-exploring this place.
 F = Levels seen in this place.
 G = Mean time per level.
                   A        B        C        D        E       F      G
               +--------+--------+--------+--------+--------+-----+--------+
         Total |   8645 |   8377 |    268 |    603 |   6488 |   8 | 1080.6 |
       Dungeon |   8436 |   8200 |    236 |    603 |   6316 |   7 | 1205.1 |
        Temple |    209 |    177 |     32 |      0 |    172 |   1 |  209.0 |
               +--------+--------+--------+--------+--------+-----+--------+

Top non-repeatable levels by time:
     D:5: 1571 daAuts
     D:3: 1342 daAuts
     D:6: 1226 daAuts
     D:7: 1211 daAuts
     D:4: 1140 daAuts
     D:1: 977 daAuts
     D:2: 966 daAuts
  Temple: 209 daAuts
